 Dungeon Crawl Stone Soup version 0.30-a0-652-gcc886f7154 (webtiles) character file.

Game seed: 7780703122791422492

53 Dittersdorf the Shield-Bearer (level 3, -7/24 HPs)
             Began as a Gargoyle Fighter on Jan 17, 2023.
             Mangled by an ogre
             ... wielding a +0 giant club
              (31 damage)
             ... on level 2 of the Dungeon.
             The game lasted 00:01:48 (1369 turns).

Dittersdorf the Shield-Bearer (Gargoyle Fighter)    Turns: 1369, Time: 00:01:48

Health: -7/24      AC: 12    Str: 21    XL:     3   Next: 87%
Magic:  3/3        EV:  7    Int:  8    God:
Gold:   116        SH:  4    Dex:  9    Spells: 2/2 levels left

rFire   . . .      SeeInvis .    a - +0 flail
rCold   . . .      Faith    .    c - +0 buckler
rNeg    + . .      Spirit   .    m - +0 chain mail
rPois   ∞          Reflect  .    (no helmet)
rElec   +          Harm     .    (no cloak)
rCorr   .          Rampage  .    (no gloves)
Will    .....                    (no boots) Stlth
                                 (no amulet)
HPRegen 0.24/turn                (no ring)
MPRegen 0.08/turn                (no ring)

@: no status effects
A: sickness immunity, AC +3, negative energy resistance 1, electricity
resistance, torment resistance 1, petrification resistance
a: no special abilities


You were on level 2 of the Dungeon.
You visited 1 branch of the dungeon, and saw 2 of its levels.

You collected 116 gold pieces.

Inventory:

Hand Weapons
 a - a +0 flail (weapon)
Missiles
 k - 6 poisoned darts (quivered)
Armour
 c - a +0 buckler (worn)
 m - a +0 chain mail (worn)
Scrolls
 e - 2 scrolls of identify {unknown}
 f - a scroll of poison {unknown}
 i - a scroll of torment {unknown}
Potions
 b - a potion of magic {unknown}
 d - a potion of might
 g - 4 potions of curing {unknown}
 h - 2 potions of ambrosia {unknown}
 j - a potion of flight {unknown}
 l - a potion of brilliance {unknown}


   Skills:
 + Level 3.8 Fighting
 + Level 2.5 Maces & Flails
 + Level 3.8 Armour
 + Level 3.9 Shields


You had 2 spell levels left.
You didn't know any spells.
Your spell library was empty.

Dungeon Overview and Level Annotations

Branches:
Dungeon (2/15)

Altars:


Innate Abilities, Weirdness & Mutations

You are immune to sickness and miasma.
Your stone body is resilient. (AC +3)
You are immune to poison.
You resist negative energy. (rN+)
You are resistant to electric shocks. (rElec)
You are resistant to unholy torment.
You are immune to petrification.


Message History

The kobold barely misses you. The kobold completely misses you.
You closely miss the kobold. The kobold hits you with a +0 dagger.
The kobold hits you but does no damage.
The endoplasm jiggles.
You sock the kobold!
You kill the kobold!
You sock the endoplasm!
You kill the endoplasm!
No target in view!
No target in view!
No target in view!
No target in view!
No target in view!
No target in view!
No target in view!
No target in view!
No target in view!
No target in view!
No target in view!
No target in view!
No target in view!
You start resting.
HP restored.
e - 2 scrolls labelled ATZI ZUECA (gained 1)
Items here: ( )))) ††.
b - an inky potion A kobold comes into view.
It is wielding a +0 short sword.
The kobold shouts!
The kobold hits you with a +0 short sword.
An ogre comes into view. It is wielding a +0 giant club.
You completely miss the kobold. The kobold hits you but does no damage.
You block the kobold's attack.
You barely miss the kobold. You block the kobold's attack.
You closely miss the kobold. The kobold hits you but does no damage.
You sock the kobold!
You kill the kobold!
The ogre hits you with a +0 giant club!!
Ouch! That really hurt!
You die...

.... #..# #... ##...
#...# #...# #..O#
#..@# #...#
#...#######
#.........#
#.......?.#
######.........# ..
#....#.........# .
######....#.........#
#.
#<)..................
#.


You could see an ogre.

Vanquished Creatures
  A gnoll (D:1)
  A worm (D:2)
  3 dart slugs
  3 orcs (D:2)
  4 ball pythons
  2 endoplasms
  A giant cockroach (D:1)
  A hobgoblin (D:1)
  A quokka (D:2)
  5 bats (D:1)
  2 frilled lizards (D:1)
  8 kobolds
  2 rats
34 creatures vanquished.

Notes
Turn   | Place    | Note
-------+----------+-------------------------------------------
     0 | D:1      | Dittersdorf the Gargoyle Fighter began the quest for the
                  | Orb.
     0 | D:1      | Reached XP level 1. HP: 14/14 MP: 1/1
   138 | D:1      | Reached XP level 2. HP: 19/19 MP: 2/2
   351 | D:1      | You fall into a shaft and drop 1 floor!
   725 | D:1      | Reached XP level 3. HP: 22/24 MP: 3/3
  1070 | D:2      | Found a faded altar of an unknown god.
  1364 | D:2      | Noticed an ogre
  1369 | D:2      | Mangled by an ogre

Illustrated notes

Levels and vault maps discovered:
D:1:      zelgadis_glass_arrival_small, layout_loops_ring,
          hangedman_decor_clover_reticule, palyth_stone_intersect
D:2:      layout_basic, chequers_ecumenical_altar_simple,
          nicolae_elevator_lobby_plus

Action                   || total
-------------------------++-------
Melee: Flail             ||   114
Armor: Scale mail        ||    62
       Chain mail        ||    13
Dodge: Dodged            ||    70
Block: Buckler           ||    30

Table legend: (Time is in decaauts)
 A = Elapsed time spent in this place.
 B = Non-inter-level travel time spent in this place.
 C = Inter-level travel time spent in this place.
 D = Time resting spent in this place.
 E = Time spent auto-exploring this place.
 F = Levels seen in this place.
 G = Mean time per level.
                   A        B        C        D        E       F      G
               +--------+--------+--------+--------+--------+-----+--------+
         Total |   1404 |   1319 |     85 |     41 |    969 |   2 |  702.0 |
       Dungeon |   1404 |   1319 |     85 |     41 |    969 |   2 |  702.0 |
               +--------+--------+--------+--------+--------+-----+--------+

Top non-repeatable levels by time:
     D:1: 905 daAuts
     D:2: 499 daAuts
